 Dungeon Crawl Stone Soup version 0.29.1-1-gd02db6906a (webtiles) character file.

Game seed: 9152720177023187042

1424 karrick the Cudgeller (level 8, 0/50 HPs)
             Began as a Gargoyle Fighter on Sept 22, 2022.
             Was a Believer of Okawaru.
             Slain by an orc warrior
             ... wielding a +0 scimitar
              (13 damage)
             ... on level 6 of the Dungeon.
             The game lasted 00:15:19 (5261 turns).

karrick the Cudgeller (Gargoyle Fighter)            Turns: 5261, Time: 00:15:20

Health: 0/50       AC: 14    Str: 19    XL:     8   Next: 72%
Magic:  8/8        EV:  9    Int: 10    God:    Okawaru [**....]
Gold:   396        SH:  5    Dex: 11    Spells: 7/7 levels left

rFire   . . .      SeeInvis .   f - +1 whip (elec)
rCold   + + .      Faith    .   c - +0 buckler
rNeg    + . .      Spirit   .   b - +0 scale mail
rPois   ∞          Reflect  .   (no helmet)
rElec   +          Harm     .   (no cloak)
rCorr   .          Rampage  .   p - +0 pair of gloves
Will    .....                   (no boots)
Stlth   ..........              (no amulet)
HPRegen 0.16/turn               m - ring of protection from cold
MPRegen 0.11/turn               s - ring of protection from cold

@: no status effects
A: sickness immunity, AC +5, negative energy resistance 1, electricity
resistance, torment resistance 1, petrification resistance
a: Renounce Religion, Heroism


You were on level 6 of the Dungeon.
You worshipped Okawaru.
Okawaru was pleased with you.
You visited 2 branches of the dungeon, and saw 7 of its levels.
You also visited: Ossuary.

You collected 396 gold pieces.

Inventory:

Hand Weapons
 a - a +0 flail
 f - a +1 whip of electrocution (weapon)
Armour
 b - a +0 scale mail (worn)
 c - a +0 buckler (worn)
 l - a +1 leather armour of cold resistance
 p - a +0 pair of gloves (worn)
Jewellery
 j - a ring of ice
 m - a ring of protection from cold (left hand)
 s - a ring of protection from cold (right hand)
Wands
 x - a wand of charming (9)
 y - a wand of flame (22)
Scrolls
 d - 2 scrolls of fear {unknown}
 e - a scroll of enchant armour {unknown}
 g - 2 scrolls of blinking {unknown}
 h - 8 scrolls of identify {unknown}
 i - 2 scrolls of amnesia
 o - a scroll of fog {unknown}
 q - 3 scrolls of teleportation {unknown}
 r - 2 scrolls of vulnerability {unknown}
 u - 3 scrolls of enchant weapon {unknown}
 v - a scroll of torment {unknown}
 z - a scroll of immolation {unknown}
 B - 2 scrolls of noise {unknown}
Potions
 k - 2 potions of berserk rage {unknown}
 n - 2 potions of lignification {unknown}
 t - 4 potions of heal wounds
 w - 2 potions of brilliance {unknown}
 A - 2 potions of degeneration {unknown}
 C - a potion of might


   Skills:
 + Level 5.4 Fighting
 + Level 7.1 Maces & Flails
 + Level 6.7 Armour
 + Level 1.2 Stealth
 + Level 5.4 Shields


You had 7 spell levels left.
You didn't know any spells.
Your spell library contained the following spells:

 Spells                   Type           Power      Damage    Failure   Level
 Apportation              Tloc           0%         N/A       78%         1
 Necrotise                Necr           0%         1d4       78%         1
 Ensorcelled Hibernation  Hex/Ice        0%         N/A       89%         2
 Spider Form              Tmut/Pois      0%         N/A       98%         3
 Anguish                  Hex/Necr       0%         N/A       100%        4
 Summon Small Mammal      Summ           Unusable   N/A       N/A         1
 Call Canine Familiar     Summ           Unusable   N/A       N/A         3
 Summon Guardian Golem    Hex/Summ       Unusable   N/A       N/A         3

Dungeon Overview and Level Annotations

Branches:
Dungeon (6/15)             Temple (1/1) D:4         Ossuary (visited)

Altars:
Cheibriados
Dithmenos
Elyvilon
Fedhas
Hepliaklqana
Kikubaaqudgha
Makhleb
Nemelex Xobeh
Okawaru
Qazlal
Ru
Sif Muna
Trog
Uskayaw
Vehumet
Wu Jian
Xom
Yredelemnul
Zin
The Shining One


Innate Abilities, Weirdness & Mutations

You are immune to sickness and miasma.
Your stone body is resilient. (AC +5)
You are immune to poison.
You resist negative energy. (rN+)
You are resistant to electric shocks. (rElec)
You are resistant to unholy torment.
You are immune to petrification.


Message History

You bump into the rock wall.
The orc warrior hits you with a +0 scimitar.
You closely miss the orc warrior.
You bump into the rock wall.
The orc warrior hits you with a +0 scimitar!
You completely miss the orc warrior.
You feel less confused.
The orc warrior hits you with a +0 scimitar.
An orc comes into view. It is wielding a +0 club.
The orc shouts!
You hit the orc warrior but do no damage.
You hear a shout!
The orc warrior hits you with a +0 scimitar!
* * * LOW HITPOINT WARNING * * *
An orc comes into view. It is wielding a +0 hand axe.
An orc comes into view. It is wielding a +0 whip.
The orc shouts!
The orc grunts repeatedly.
It was a potion of heal wounds.
You feel much better.
The orc warrior hits you with a +0 scimitar!
You fail to use your ability.
An orc wizard appears from thin air!
Reactivating autopickup.
You block the orc warrior's attack.
You hit the orc warrior but do no damage.
The orc warrior hits you with a +0 scimitar!
You hit the orc warrior but do no damage.
The orc warrior hits you with a +0 scimitar.
You closely miss the orc warrior.
You hit the orc warrior but do no damage.
The orc warrior hits you with a +0 scimitar.
* * * LOW HITPOINT WARNING * * *
The orc wizard mumbles some strange words.
The orc wizard flickers and vanishes!
Deactivating autopickup; reactivate with Ctrl-A.
There is an open door here.
As you read the scroll labelled TOGUIG JEURI, it crumbles to dust.
It is a scroll of amnesia.
You feel forgetful for a moment.
The orc warrior hits you with a +0 scimitar!
You die...

.........# ####..##.# #
.......#.# .# ####...#.#
.⌠# #
#...#.#######+##+.#
####...#.##..........###
'......#.##.............
########'##.............
............####@#......
.#####......# #o# .#...
.# +......# #.# # . .#
#......# #.# .. .#
+......# #o# ... .#
#......# #o# .... .#
###+#######.######+#..#
>. .......o.....>....#
#####.............#


You could see an orc warrior and 3 orcs.

Vanquished Creatures
  Menkaure (Ossuary)
  A water moccasin (D:5)
  An ice beast (D:5)
  3 phantoms
  6 scorpions
  A howler monkey (D:6)
  A jelly (D:5)
  2 orc priests
  A hound (D:6)
  Ijyb (D:4)
  2 iguanas (D:5)
  An orc wizard (D:3)
  3 mummies (Ossuary)
  5 adders
  A gnoll (D:1)
  A white imp (D:5)
  2 worms
  A dart slug (D:4)
  18 orcs
  8 endoplasms
  8 giant cockroaches
  6 hobgoblins
  4 jackals (D:4)
  5 quokkas
  6 ball pythons
  6 bats
  2 frilled lizards (D:1)
  3 gnoll skeletons (Ossuary)
  4 gnoll zombies (Ossuary)
  8 goblins
  A goblin skeleton (Ossuary)
  3 goblin zombies (Ossuary)
  6 hobgoblin skeletons (Ossuary)
  3 hobgoblin zombies (Ossuary)
  19 kobolds
  4 kobold skeletons (Ossuary)
  5 kobold zombies (Ossuary)
  9 orc skeletons (Ossuary)
  3 orc zombies (Ossuary)
  8 rats
  2 rat skeletons (Ossuary)
  7 rat zombies (Ossuary)
182 creatures vanquished.

Notes
Turn   | Place    | Note
-------+----------+-------------------------------------------
     0 | D:1      | karrick the Gargoyle Fighter began the quest for the Orb.
     0 | D:1      | Reached XP level 1. HP: 14/14 MP: 1/1
   122 | D:1      | Reached XP level 2. HP: 19/19 MP: 2/2
   488 | D:1      | Reached XP level 3. HP: 24/24 MP: 3/3
  1228 | D:2      | Reached XP level 4. HP: 29/29 MP: 4/4
  1754 | D:2      | Reached skill level 3 in Maces & Flails
  1772 | D:3      | Reached XP level 5. HP: 23/33 MP: 5/5
  2116 | D:3      | Found an ornate altar of the Wu Jian Council.
  2218 | D:3      | Found a faded altar of an unknown god.
  2250 | D:3      | Identified the +0 leather armour of Polish {Harm rF- rN+
                  | rCorr}
  2514 | D:4      | Found a blossoming altar of Fedhas.
  2556 | D:4      | Reached XP level 6. HP: 38/38 MP: 6/6
  2741 | D:4      | Reached skill level 4 in Maces & Flails
  2865 | D:4      | Noticed Ijyb
  2874 | D:4      | Killed Ijyb
  2875 | D:4      | Reached skill level 5 in Armour
  3251 | D:4      | Found a staircase to the Ecumenical Temple.
  3265 | Temple   | Entered the Ecumenical Temple
  3386 | Temple   | Became a worshipper of Warmaster Okawaru
  3538 | D:5      | Entered Level 5 of the Dungeon
  3582 | D:5      | Found a shimmering altar of Xom.
  3627 | D:5      | Reached XP level 7. HP: 21/44 MP: 7/7
  3702 | D:5      | Reached skill level 5 in Maces & Flails
  3715 | D:5      | Found a hazy altar of Hepliaklqana.
  3721 | D:5      | Reached * piety under Okawaru
  3722 | D:5      | Reached skill level 5 in Shields
  3790 | D:5      | Found a sand-covered staircase.
  3836 | Ossuary  | Entered an ossuary
  4283 | Ossuary  | Noticed Menkaure
  4404 | Ossuary  | Killed Menkaure
  4405 | Ossuary  | Reached XP level 8. HP: 48/48 MP: 8/8
  4422 | Ossuary  | Reached skill level 5 in Fighting
  4635 | D:5      | Reached skill level 6 in Maces & Flails
  4700 | D:5      | Found a shadowy altar of Dithmenos.
  4774 | D:5      | Reached skill level 1 in Stealth
  4866 | D:5      | Found a sacrificial altar of Ru.
  5098 | D:6      | Reached ** piety under Okawaru
  5099 | D:6      | Reached skill level 7 in Maces & Flails
  5261 | D:6      | Slain by an orc warrior

Illustrated notes

Levels and vault maps discovered:
D:1:      ncdulo_lavacross, layout_basic
D:2:      minmay_kobold_bridge, layout_rooms, nrook_mini_backslash,
          minmay_crystal_room, minmay_close_crescents
D:3:      layout_rooms, nicolae_wu_jian_wuxing_cycle,
          hellmonk_ecumenical_altar_pennies_from_heaven
D:4:      layout_basic, fedhas_altar_2, minmay_temple_entry_drinking_statues,
          uniq_ijyb
D:5:      layout_rooms, kennysheep_mini_moat, mainiacjoe_overflow_paths,
          nicolae_ru_path_of_blood, xom_teletrap_fun, enter_ossuary_1
D:6:      layout_basic, serial_shops, shop_fountains
Temple:   nicolae_temple_superstar

Skill      XL: |  1  2  3  4  5  6  7  8 |
---------------+-------------------------+-----
Fighting       | 4 5 |  5.4
Maces & Flails | 3 4 5 7 |  7.1
Armour         | 4 5 6 |  6.7
Shields        | 4 5 |  5.4
Stealth        | 1 |  1.2

Action                   |  1- 3 |  4- 6 |  7- 9 || total
-------------------------+-------+-------+-------++-------
Melee: Whip              |   119 |   215 |   255 ||   589
       Flail             |     5 |       |       ||     5
Invok: Heroism           |       |       |     1 ||     1
  Use: Potion            |       |       |     5 ||     5
       Scroll            |       |       |     1 ||     1
Armor: Scale mail        |    83 |    97 |    75 ||   255
Dodge: Dodged            |    54 |    81 |    60 ||   195
Block: Buckler           |    35 |    46 |    35 ||   116
